 Dungeon Crawl Stone Soup version 0.27-a0-1500-g450c7e4133 (webtiles) character file.

Game seed: 11261494016944677527

4407 pokeman the Thaumaturge (level 10, -4/48 (53) HPs)
             Began as a Deep Elf Hedge Wizard on July 7, 2021.
             Was a Believer of Vehumet.
             Slain by an orc warrior (9 damage)
             ... on level 8 of the Dungeon.
             The game lasted 00:30:59 (8250 turns).

pokeman the Thaumaturge (Deep Elf Hedge Wizard)     Turns: 8250, Time: 00:31:00

HP:   -4/48 (53)    AC:  4    Str:  7    XL:     10   Next: 14%
MP:   28/37         EV: 12    Int: 23    God:    Vehumet [**....]
Gold: 324           SH:  0    Dex: 14    Spells: 17/34 levels left

rFire    . . .     SeeInvis .   a - +3 short sword (venom)
rCold    . . .     Faith    .   (no shield)
rNeg     . . .     Spirit   .   g - +0 leather armour
rPois    .         Reflect  .   i - +0 helmet
rElec    .         Harm     .   (no cloak)
rCorr    .         Rampage  .   (no gloves)
Will     +....                  (no boots)
Stlth    ++........             q - amulet of regeneration
HPRegen  1.16/turn              l - ring of flight
MPRegen  0.25/turn              z - ring of magical power

@: flying, drained
A: no striking features
a: Renounce Religion


You were on level 8 of the Dungeon.
You worshipped Vehumet.
Vehumet was pleased with you.
You visited 2 branches of the dungeon, and saw 9 of its levels.
You also visited: Sewer.

You collected 324 gold pieces.

Inventory:

Hand Weapons
 a - a +3 short sword of venom (weapon)
 x - a +0 hand crossbow
 B - a +0 shortbow
Missiles
 h - 129 bolts
 u - a curare-tipped dart
 C - 56 arrows
 F - 5 throwing nets
Armour
 g - a +0 leather armour (worn)
 i - a +0 helmet (worn)
 J - a +0 buckler
Jewellery
 l - a ring of flight (left hand)
 m - an amulet of faith
 n - a +4 ring of evasion
 q - an amulet of regeneration (around neck)
 r - a ring of protection from cold
 z - a ring of magical power (right hand)
Wands
 p - a wand of iceblast (21)
Scrolls
 b - 3 scrolls of enchant armour {unknown}
 c - 8 scrolls of identify {unknown}
 j - 2 scrolls of fear {unknown}
 k - 5 scrolls of amnesia {unknown}
 s - a scroll of teleportation {unknown}
 v - a scroll of fog {unknown}
 y - a scroll of noise {unknown}
 D - 2 scrolls of magic mapping {unknown}
 E - a scroll of blinking {unknown}
 I - a scroll of immolation {unknown}
Potions
 d - 10 potions of heal wounds {unknown}
 e - 2 potions of mutation {unknown}
 f - 8 potions of curing {unknown}
 o - a potion of lignification {unknown}
 t - 3 potions of might
 A - 2 potions of attraction {unknown}
 G - a potion of berserk rage {unknown}
 H - a potion of brilliance {unknown}


   Skills:
 - Level 2.0 Fighting
 + Level 3.1 Armour
 - Level 3.0 Dodging
 - Level 3.0 Stealth
 - Level 3.0 Shields
 * Level 12.6 Spellcasting
 + Level 7.2 Conjurations
 - Level 1.1 Summonings
 - Level 1.1 Translocations
 - Level 1.0 Transmutations
 + Level 6.3 Fire Magic
 - Level 1.0 Air Magic
 - Level 1.0 Earth Magic
 - Level 1.0 Poison Magic
 - Level 1.0 Evocations


You had 17 spell levels left.
You knew the following spells:

 Your Spells              Type           Power      Damage    Failure   Level
a - Magic Dart            Conj           100%       1d8       1%          1
b - Mephitic Cloud        Conj/Pois/Air  28%        N/A       5%          3
c - Call Imp              Summ           19%        N/A       6%          2
d - Blink                 Tloc           N/A        N/A       6%          2
e - Conjure Flame         Conj/Fire      46%        6-21      1%          3
f - Shock                 Conj/Air       100%       1d9       1%          1
g - Passwall              Tmut/Erth      15%        N/A       6%          2
h - Swiftness             Air            19%        N/A       12%         3

Your spell library contained the following spells:

 Spells                   Type           Power      Damage    Failure   Level
 Static Discharge         Conj/Air       33%        N/A       1%          2
 Beastly Appendage        Tmut           38%        N/A       4%          1
 Dazzling Flash           Conj/Hex       62%        N/A       4%          3
 Wereblood                Tmut           19%        N/A       6%          2
 Slow                     Hex            14%        N/A       10%         2
 Spider Form              Tmut/Pois      9%         N/A       12%         3
 Portal Projectile        Hex/Tloc       34%        N/A       16%         3
 Airstrike                Air            9%         N/A       38%         4
 Blade Hands              Tmut           9%         N/A       75%         5
 Silence                  Hex/Air        8%         N/A       80%         5
 Agony                    Necr           14%        N/A       87%         5
 Excruciating Wounds      Necr           7%         N/A       87%         5
 Invisibility             Hex            7%         N/A       100%        6


Dungeon Overview and Level Annotations

Branches:
Dungeon (8/15)             Temple (1/1) D:6           Sewer (visited)
   Lair: D:8-11

Altars:
Dithmenos
Elyvilon
Kikubaaqudgha
Makhleb
Nemelex Xobeh
Qazlal
Uskayaw
Vehumet
Wu Jian
The Shining One
Beogh


Message History

Beogh smites you!
The killer bee zombie hits you but does no damage.
The orc priest mumbles some strange prayers to Beogh against you.
Beogh smites you! The killer bee zombie hits you.
A wight comes into view. It is wielding a +0 great sword.
The fire ignites!
Unknown command.
The orc priest mumbles some strange prayers to Beogh against you.
Beogh smites you!
* * * LOW HITPOINT WARNING * * *
The killer bee zombie is engulfed in blazing flames.
The killer bee zombie misses you.
The orc priest looks braver for a moment.
There is a stone staircase leading up here.
Casting: Conjure Flame (safe; 1% risk of failure)
Confirm with . or Enter, or press ? or * to list all spells.
Aiming: Mephitic Cloud (dangerous; 5% risk of failure)
Press: ? - help, Shift-Dir - straight line The ball explodes into a vile cloud!
The stinking cloud engulfs the orc priest but does no damage.
The stinking cloud engulfs the killer bee zombie but does no damage.
The killer bee zombie is moderately damaged.
The stinking cloud engulfs the orc warrior but does no damage.
You hear a loud, deep croak!
You hear a shout! x2
The killer bee zombie is engulfed in blazing flames.
The killer bee zombie closely misses you.
An orc comes into view. It is wielding a +0 flail.
The orc priest looks satisfied for a moment.
The killer bee zombie is engulfed in blazing flames.
The killer bee zombie hits you.
* * * LOW HITPOINT WARNING * * *
Unknown command.
Unknown command.
Unknown command.
The killer bee zombie is engulfed in blazing flames.
You destroy the killer bee zombie!
Vehumet accepts your kill.
The orc priest is engulfed in noxious fumes.
The orc warrior hits you with a +0 flail!
You die...

.........!.....#
.......zz.......
.......o........
.......z........
....oo.oo......
........☼○.....
.......o☼○#
......#oo##
#.#####@.# #...#
##..# #...#
##..# #... ##...
.z.. ...zz ..
...#


You could see an orc warrior, 4 wights, 4 orc priests and 3 orcs.

Vanquished Creatures
  A two-headed ogre (D:8)
  Prince Ribbit (D:5)
  4 water moccasins
  An orc warrior (D:7)
  A sky beast (D:7)
  A hornet zombie (D:6)
  2 centaurs
  4 ogres
  A phantom (D:6)
  3 kobold brigands
  4 gnoll sergeants (D:7)
  6 scorpions
  A wyvern skeleton (D:6)
  7 wights (D:8)
  An electric eel (D:7)
  A bullfrog zombie (D:6)
  8 orc priests
  A centaur zombie (D:6)
  8 hounds
  A jelly (D:6)
  2 gnoll shamans (D:7)
  A bullfrog skeleton (D:6)
  2 iguanas
  2 orc wizards
  2 killer bee zombies (D:8)
  A howler monkey skeleton (D:7)
  11 adders
  24 gnolls
  A shadow imp (D:7)
  A white imp (D:6)
  2 worms (D:3)
  A dart slug (D:4)
  17 orcs
  7 ball pythons
  9 endoplasms
  4 giant cockroaches
  5 goblins
  6 hobgoblins
  6 jackals
  10 quokkas
  11 bats
  4 frilled lizards
  20 kobolds
  9 rats
215 creatures vanquished.

Vanquished Creatures (others)
  A gnoll (D:7)
  28 plants
29 creatures vanquished.

Grand Total: 244 creatures vanquished

Notes
Turn   | Place    | Note
-------+----------+-------------------------------------------
     0 | D:1      | pokeman the Deep Elf Hedge Wizard began the quest for the
                  | Orb.
     0 | D:1      | Reached XP level 1. HP: 10/10 MP: 7/7
   277 | D:1      | Reached XP level 2. HP: 16/16 MP: 4/9
   381 | D:1      | Upgraded the game from 0.27-a0-1456-gf5a116941d to
                  | 0.27-a0-1500-g450c7e4133
   905 | D:1      | Reached skill level 5 in Spellcasting
  1114 | D:2      | Reached XP level 3. HP: 20/20 MP: 8/11
  1118 | D:2      | Learned a level 3 spell: Mephitic Cloud
  1121 | D:2      | Learned a level 2 spell: Call Imp
  1124 | D:2      | Learned a level 2 spell: Blink
  1128 | D:2      | Learned a level 3 spell: Conjure Flame
  1370 | D:2      | Reached skill level 1 in Fighting
  1401 | D:2      | Reached skill level 1 in Armour
  2007 | D:2      | Reached XP level 4. HP: 25/25 MP: 10/13
  2027 | D:2      | Found a faded altar of an unknown god.
  2347 | D:3      | Reached skill level 6 in Spellcasting
  2347 | D:3      | Reached skill level 1 in Fire Magic
  2356 | D:3      | Reached XP level 5. HP: 22/29 MP: 7/15
  2749 | D:3      | Found a stormy altar of Qazlal.
  2939 | D:3      | Reached skill level 1 in Air Magic
  3105 | D:3      | Found a burning altar of Makhleb.
  3175 | D:3      | Learned a level 3 spell: Swiftness
  3178 | D:3      | Learned a level 2 spell: Passwall
  3707 | D:4      | Found a glowing drain.
  3766 | Sewer    | Entered a sewer
  3793 | Sewer    | Reached skill level 7 in Spellcasting
  3793 | Sewer    | Reached skill level 1 in Poison Magic
  3793 | Sewer    | Reached XP level 6. HP: 34/34 MP: 14/18
  3801 | Sewer    | Reached skill level 1 in Transmutations
  4297 | D:4      | Reached skill level 1 in Earth Magic
  4297 | D:4      | Reached skill level 1 in Evocations
  4330 | D:4      | Reached XP level 7. HP: 24/38 MP: 11/20
  4364 | D:4      | Reached skill level 1 in Shields
  4364 | D:4      | Reached skill level 8 in Spellcasting
  4589 | D:4      | Found a white marble altar of Elyvilon.
  4930 | D:4      | Found a shadowy altar of Dithmenos.
  5101 | D:5      | Entered Level 5 of the Dungeon
  5159 | D:5      | Reached XP level 8. HP: 43/43 MP: 22/22
  5203 | D:5      | Found an ancient bone altar of Kikubaaqudgha.
  5252 | D:5      | Reached skill level 9 in Spellcasting
  5328 | D:5      | Learned a level 1 spell: Shock
  5361 | D:5      | Noticed Prince Ribbit
  5387 | D:5      | Killed Prince Ribbit
  5388 | D:5      | Reached skill level 5 in Conjurations
  5618 | D:5      | Reached skill level 10 in Spellcasting
  6115 | D:6      | Reached XP level 9. HP: 47/48 MP: 25/25
  6297 | D:6      | Found an ornate altar of the Wu Jian Council.
  6320 | D:6      | Found a glowing golden altar of the Shining One.
  6346 | D:6      | Reached skill level 11 in Spellcasting
  6408 | D:6      | Found a staircase to the Ecumenical Temple.
  6428 | Temple   | Entered the Ecumenical Temple
  6450 | Temple   | Became a worshipper of Vehumet
  6488 | D:6      | Reached skill level 5 in Fire Magic
  6931 | D:7      | Reached * piety under Vehumet
  6931 | D:7      | Offered knowledge of Freeze by Vehumet.
  7687 | D:7      | Reached skill level 12 in Spellcasting
  8037 | D:8      | Reached ** piety under Vehumet
  8043 | D:8      | Noticed a two-headed ogre
  8051 | D:8      | Offered knowledge of Static Discharge by Vehumet.
  8060 | D:8      | Killed a two-headed ogre
  8061 | D:8      | Reached XP level 10. HP: 53/53 MP: 11/28
  8250 | D:8      | Slain by an orc warrior

Illustrated notes

Levels and vault maps discovered:
D:1:      dpeg_arrival_rhombi, layout_basic
D:2:      layout_basic, hellmonk_ecumenical_altar_prayer_group,
          minmay_tetromino_o2
D:3:      wad_woods_stonehenge, layout_basic, mainiacjoe_overflow_alcove_2,
          kennysheep_generic_room_16
D:4:      layout_basic, marbit_many_paths, lemuel_doored_altar,
          gup_sewer_entry_glass, feat_on_display
D:5:      layout_rooms, kiku_gazebo_pond_becter, uniq_prince_ribbit1
D:6:      layout_loops_cross, old_standard_altar, mainiacjoe_overflow_alcove_4,
          minmay_temple_entry_statues, minivault_27, minmay_quadrilaterals
D:7:      layout_cave_pools, serial_gnoll_camp, gnoll_camp_mini_basic,
          gnoll_camp_huts_moat, gnoll_camp_mini_hut, gnoll_camp_mini_hut,
          gnoll_camp_mini_hut, david_defended_altar_orc
D:8:      layout_cave_pools, zin_treasury
Temple:   dpeg_chambers_temple

Skill      XL: |  1  2  3  4  5  6  7  8  9 |
---------------+----------------------------+-----
Spellcasting   | 5 6 7 8 10 12 | 12.6
Fighting       | 1 2 |  2.0
Armour         | 1 3 |  3.1
Conjurations   | 2 3 4 5 7 |  7.2
Dodging        | 3 |  3.0
Fire Magic     | 1 3 4 6 |  6.3
Stealth        | 3 |  3.0
Air Magic      | 1 |  1.0
Poison Magic   | 1 |  1.0
Transmutations | 1 |  1.0
Earth Magic    | 1 |  1.0
Evocations     | 1 |  1.0
Shields        | 1 2 3 |  3.0
Summonings     | |  1.1
Translocations | |  1.1

Action                   |  1- 3 |  4- 6 |  7- 9 | 10-12 || total
-------------------------+-------+-------+-------+-------++-------
Melee: Dagger            |     2 |    31 |       |       ||    33
       Hand axe          |       |    23 |       |       ||    23
       Short sword       |       |     4 |   120 |     2 ||   126
 Cast: Magic Dart        |    96 |   113 |   176 |     1 ||   386
       Mephitic Cloud    |       |    12 |    41 |     1 ||    54
       Conjure Flame     |       |     4 |    18 |     3 ||    25
       Call Imp          |       |       |     4 |     1 ||     5
       Shock             |       |       |    10 |    18 ||    28
 Stab: Sleeping          |     2 |       |       |       ||     2
       Confused          |       |     9 |    10 |       ||    19
Armor: Leather armour    |     7 |     8 |    30 |     2 ||    47
Dodge: Dodged            |    13 |    39 |    89 |     7 ||   148

Table legend: (Time is in decaauts)
 A = Elapsed time spent in this place.
 B = Non-inter-level travel time spent in this place.
 C = Inter-level travel time spent in this place.
 D = Time resting spent in this place.
 E = Time spent auto-exploring this place.
 F = Levels seen in this place.
 G = Mean time per level.
                   A        B        C        D        E       F      G
               +--------+--------+--------+--------+--------+-----+--------+
         Total |   8267 |   8017 |    250 |    385 |   6199 |  10 |  826.7 |
       Dungeon |   7745 |   7507 |    238 |    340 |   5863 |   8 |  968.1 |
        Temple |     35 |     23 |     12 |      0 |     18 |   1 |   35.0 |
         Sewer |    486 |    486 |      0 |     45 |    318 |   1 |  486.0 |
               +--------+--------+--------+--------+--------+-----+--------+

Top non-repeatable levels by time:
     D:3: 1483 daAuts
     D:7: 1196 daAuts
     D:2: 1182 daAuts
     D:1: 1044 daAuts
     D:6: 1022 daAuts
     D:4: 907 daAuts
     D:5: 692 daAuts
   Sewer: 486 daAuts
     D:8: 215 daAuts
  Temple: 35 daAuts
